 Dungeon Crawl Stone Soup version 0.28-b1-25-g9875b3fc8c (webtiles) character file.

Game seed: 3897579264824223762

252 crazypyro the Shooter (level 5, -1/38 HPs)
             Began as a Demonspawn Hunter on Feb 1, 2022.
             Was an Initiate of Okawaru.
             Slain by a water moccasin (2 damage)
             ... in the Ecumenical Temple.
             The game lasted 00:05:53 (2480 turns).

crazypyro the Shooter (Demonspawn Hunter)           Turns: 2480, Time: 00:05:55

Health: -1/38      AC:  6    Str: 14    XL:     5   Next: 89%
Magic:  5/5        EV: 11    Int: 13    God:    Okawaru [......]
Gold:   125        SH:  0    Dex: 13    Spells: 4/4 levels left

rFire   . . .      SeeInvis .   b - +2 whip (elec)
rCold   . . .      Faith    .   (no shield)
rNeg    . . .      Spirit   .   c - +0 leather armour
rPois   .          Reflect  .   (no helmet)
rElec   .          Harm     .   (no cloak)
rCorr   .          Rampage  .   g - +0 pair of gloves
Will    .....                   (no boots)
Stlth   +.........              (no amulet)
HPRegen 0.12/turn               (no ring)
MPRegen 0.09/turn               (no ring)

@: no status effects
A: thin metallic scales 1, spiny 1
a: Renounce Religion


You were in the Ecumenical Temple.
You worshipped Okawaru.
Okawaru was noncommittal.
You visited 2 branches of the dungeon, and saw 6 of its levels.

You collected 125 gold pieces.

Inventory:

Hand Weapons
 a - a +1 shortbow
 b - a +2 whip of electrocution (weapon)
 f - a +0 club
 h - a +0 short sword
 m - the +9 long sword "Isolusig" {vorpal, rElec rN+++ Str-2 Dex-2}
   (You found it on level 3 of the Dungeon)

   It inflicts extra damage upon your enemies.
   Str:       It affects your strength (-2).
   Dex:       It affects your dexterity (-2).
   rElec:     It insulates you from electricity.
   rN:        It renders you almost immune to negative energy.
Missiles
 d - 48 arrows
Armour
 c - a +0 leather armour (worn)
 g - a +0 pair of gloves (worn)
Scrolls
 i - a scroll of summoning {unknown}
 n - a scroll of enchant weapon {unknown}
Potions
 l - a potion of resistance {unknown}


   Skills:
 - Level 2.1 Fighting
 * Level 6.5 Bows
 - Level 1.8 Dodging
 - Level 1.0 Stealth


You had 4 spell levels left.
You didn't know any spells.
Your spell library was empty.

Dungeon Overview and Level Annotations

Branches:
Dungeon (5/15)             Temple (1/1) D:5

Altars:
Dithmenos
Fedhas
Kikubaaqudgha
Okawaru
Trog
Vehumet
Xom
Zin


Innate Abilities, Weirdness & Mutations

You are partially covered in thin metallic scales. (AC +2)
You are partially covered in sharp spines.


Message History

The water moccasin bites you.
You are poisoned.
The water moccasin poisons you! The hound is struck by your spines.
The hound bites you but does no damage. The jackal barely misses you.
You closely miss the jackal.
The jackal is severely wounded.
You feel very sick. The hound is struck by your spines. The hound bites you.
The water moccasin barely misses you. The jackal bites you.
The hound closely misses you.
The water moccasin bites you but does no damage.
You hit the jackal. Lightning courses through the jackal!
You kill the jackal!
Okawaru accepts your kill.
You feel sick. The hound is struck by your spines. The hound bites you.
The water moccasin bites you.
You feel sick. The water moccasin bites you.
* * * LOW HITPOINT WARNING * * *
You are more poisoned.
The water moccasin poisons you! The hound bites you.
* * * LOW HITPOINT WARNING * * *
You see here a jackal corpse.
It was a potion of curing.
You feel better. The water moccasin bites you!
* * * LOW HITPOINT WARNING * * *
The hound is struck by your spines. The hound misses you.
The water moccasin closely misses you. The hound is struck by your spines.
The hound bites you.
* * * LOW HITPOINT WARNING * * *
The hound misses you.
The water moccasin bites you but does no damage.
You hit the water moccasin.
The water moccasin is heavily wounded.
The water moccasin bites you but does no damage.
You miss the water moccasin.
The water moccasin is heavily wounded.
The water moccasin bites you.
* * * LOW HITPOINT WARNING * * *
The water moccasin is struck by your spines.
The water moccasin bites you.
You die...

....#.....#.#..
###.#..._...⌠..
##....#.....#.#
##..#...#..#...#..
##..#.#...#.......#
##..#...#...#..._...
##..#.....#†<.#.....#
##..#..._...#S†.#...#.
##..#.#......@#...#.#..
#..#....#...#..#...#..#
#..#.....#.#.....#....##
#..._...⌠..._...#.###
....#.....#.#.....#....
.#...#..#...#....#...#..
#.#. .#.......#.#...#.#.
.. ...#..._...#...#...
._ .#.. #.....#


You could see a water moccasin.

Vanquished Creatures
  A gnoll sergeant (D:4)
  An iguana (D:4)
  A bullfrog skeleton (D:3)
  4 gnolls
  4 adders
  3 dart slugs
  An orc (D:3)
  7 endoplasms
  A giant cockroach (D:2)
  3 goblins
  6 hobgoblins
  2 jackals
  6 kobolds
  2 quokkas
  4 ball pythons
  6 bats
  2 frilled lizards
  8 rats
62 creatures vanquished.

Notes
Turn   | Place    | Note
-------+----------+-------------------------------------------
     0 | D:1      | crazypyro the Demonspawn Hunter began the quest for the
                  | Orb.
     0 | D:1      | Reached XP level 1. HP: 16/16 MP: 1/1
    94 | D:1      | Reached skill level 1 in Stealth
   175 | D:1      | Gained mutation: You are partially covered in thin metallic
                  | scales. (AC +2) [demonic ancestry]
   175 | D:1      | Reached XP level 2. HP: 22/22 MP: 2/2
   202 | D:1      | Reached skill level 4 in Bows
   606 | D:2      | Found an ancient bone altar of Kikubaaqudgha.
   712 | D:2      | Reached XP level 3. HP: 27/27 MP: 3/3
   993 | D:2      | Reached skill level 5 in Bows
   993 | D:2      | Reached XP level 4. HP: 33/33 MP: 4/4
  1126 | D:2      | Found a faded altar of an unknown god.
  1870 | D:3      | Gained mutation: You are partially covered in sharp spines.
                  | [demonic ancestry]
  1870 | D:3      | Reached XP level 5. HP: 38/38 MP: 5/5
  2031 | D:3      | Identified the +9 long sword "Isolusig" {vorpal, rElec
                  | rN+++ Str-2 Dex-2}
  2317 | D:4      | Reached skill level 6 in Bows
  2323 | D:5      | Entered Level 5 of the Dungeon
  2323 | D:5      | Noticed a water moccasin
  2323 | D:5      | Found a staircase to the Ecumenical Temple.
  2327 | Temple   | Entered the Ecumenical Temple
  2456 | Temple   | Became a worshipper of Warmaster Okawaru
  2480 | Temple   | HP: 1/38 [water moccasin (4)]
  2480 | Temple   | Slain by a water moccasin

Illustrated notes

Levels and vault maps discovered:
D:1:      minmay_arrival_up_and_down, layout_rooms
D:2:      layout_rooms, ebering_ecumenical_altar_box, basic_altar,
          skrybe_limestone_x
D:3:      layout_basic
D:4:      layout_rooms, uniq_natasha, uniq_ijyb, uniq_menkaure
D:5:      layout_loops_ring, minmay_temple_entry_large_hall,
          minmay_misc_feat_roman, minmay_hedge_maze, uniq_eustachio
Temple:   eino_temple_rhombus

Skill      XL: |  1  2  3  4  5 |
---------------+----------------+-----
Stealth        | 1 |  1.0
Bows           | 4 5 6 |  6.5
Fighting       | |  2.1
Dodging        | |  1.8

Action                   |  1- 3 |  4- 6 || total
-------------------------+-------+-------++-------
Melee: Whip              |    10 |    39 ||    49
 Fire: Shortbow          |    66 |    82 ||   148
Throw: Throwing net      |       |     1 ||     1
  Use: Scroll            |       |     4 ||     4
       Potion            |       |     2 ||     2
Armor: Leather armour    |     8 |    24 ||    32
Dodge: Dodged            |    11 |    49 ||    60
